 Dungeon Sprint DCSS version 0.29.1-2-gbd0b4ee654 (webtiles) character file.

Game seed: 15964287967075188022

709 raph the Grappler (level 7, -14/120 HPs)
             Began as a Troll Berserker on Nov 30, 2022.
             Was a High Priest of Trog.
             Demolished by a phantasmal warrior (18 damage)
             ... in the Dungeon (Sprint VII: "The Pits").
             The game lasted 00:01:21 (707 turns).

raph the Grappler (Troll Berserker)                  Turns: 707, Time: 00:01:22

Health: -14/120    AC:  4    Str: 26    XL:     7   Next: 40%
Magic:  6/6        EV: 12    Int:  3    God:    Trog [*****.]
Gold:   0          SH:  0    Dex: 11    Spells: 6/6 levels left

rFire   . . .      SeeInvis .     - Unarmed
rCold   . . .      Faith    .   (no shield)
rNeg    . . .      Spirit   .   a - +0 animal skin
rPois   .          Reflect  .   (helmet restricted)
rElec   .          Harm     .   (no cloak)
rCorr   .          Rampage  .   (gloves unavailable)
Will    .....      NoTele   +   (boots unavailable)
Stlth   ..........              (no amulet)
HPRegen 1.10/turn               (no ring)
MPRegen 0.10/turn               (no ring)

@: berserking, weak-willed, very quick
A: large, unfitting armour, claws 3, regeneration 1, shaggy fur 1, tough skin 1
a: Renounce Religion, Berserk, Trog's Hand, Brothers in Arms


You were in the Dungeon.
You worshipped Trog.
Trog was extremely pleased with you.
You visited 1 branch

Inventory:

Armour
 a - a +0 animal skin (worn)
Scrolls
 g - a scroll of blinking
 i - a scroll of summoning
Potions
 b - 6 potions of curing
 c - 6 potions of heal wounds
 d - a potion of haste
 e - 4 potions of magic
 f - 3 potions of berserk rage
 h - 2 potions of invisibility


   Skills:
 + Level 8.3 Fighting
 + Level 8.4 Dodging
 + Level 9.9 Unarmed Combat


You had 6 spell levels left.
You didn't know any spells.
Your spell library was empty.

Dungeon Overview and Level Annotations

Branches:
Dungeon (1/1)

Altars:
Ashenzari
Cheibriados
Dithmenos
Elyvilon
Fedhas
Gozag
Hepliaklqana
Kikubaaqudgha
Makhleb
Nemelex Xobeh
Okawaru
Qazlal
Ru
Sif Muna
Trog
Uskayaw
Vehumet
Wu Jian
Xom
Yredelemnul
Zin
The Shining One
Jiyva
Lugonu


Innate Abilities, Weirdness & Mutations

You are too large for most types of armour.
You have claws for hands.
Your natural rate of healing is unusually fast.
You are covered in fur. (AC +1)
You have tough skin. (AC +1)


Message History

A wolf comes into view.
The wolf howls!
You claw the phantasmal warrior!
The phantasmal warrior is moderately damaged.
You hear a shout!
You hear an angry buzzing noise. x3
A vampire mosquito comes into view.
The phantasmal warrior misses you.
You hear a shout!
You barely miss the phantasmal warrior.
The phantasmal warrior is moderately damaged.
A vampire mosquito comes into view.
You claw the phantasmal warrior!
The phantasmal warrior is heavily damaged.
The wolf bites you.
A wandering mushroom comes into view.
The phantasmal warrior hits you.
A vampire mosquito comes into view.
You claw the phantasmal warrior!
The phantasmal warrior is severely damaged.
The wolf bites you! The phantasmal warrior hits you!!
You are too injured to fight recklessly!
You are too injured to fight recklessly!
You closely miss the phantasmal warrior.
You claw the phantasmal warrior!
The phantasmal warrior is almost destroyed.
The wolf bites you but does no damage.
You closely miss the phantasmal warrior.
The phantasmal warrior is almost destroyed.
The wolf bites you!
* * * LOW HITPOINT WARNING * * *
A vampire mosquito comes into view.
The phantasmal warrior hits you!!
* * * LOW HITPOINT WARNING * * *
You closely miss the phantasmal warrior.
The phantasmal warrior is almost destroyed.
The wolf misses you.
You completely miss the phantasmal warrior.
The phantasmal warrior is almost destroyed.
The wolf closely misses you. The phantasmal warrior hits you!!
You die...

...'................+
####......#..#......#
..##................#
#'#####'#####''######
).##.......##''#
..##.......##))##
####.......##)).##
..##...<...###.).##'##..
..##.......# ##W@hyy....
..##.......# #..###f###.
####.......##..## ยง.
##########.. .. #.. ##.
##


You could see a phantasmal warrior, a wandering mushroom, 2 vampire mosquitoes
and a wolf.

Vanquished Creatures
  A manticore (D)
  A phantom (D)
  A gnoll sergeant (D)
  A scorpion (D)
  A jelly (D)
  2 mummies (D)
  6 gnolls (D)
  2 ufetubi (D)
  A bat (D)
  A giant cockroach (D)
  A hobgoblin (D)
  A kobold (D)
  A rat (D)
20 creatures vanquished.

Notes
Turn   | Place    | Note
-------+----------+-------------------------------------------
     0 | D        | raph the Troll Berserker began the quest for the Orb.
     0 | D        | Reached XP level 1. HP: 22/22 MP: 0/0
    28 | D        | Found a glowing golden altar of the Shining One.
    28 | D        | Found a glowing silver altar of Zin.
    28 | D        | Found a basalt altar of Yredelemnul.
    28 | D        | Found a shimmering altar of Xom.
    28 | D        | Found an ornate altar of the Wu Jian Council.
    28 | D        | Found a bloodstained altar of Trog.
    28 | D        | Found a shimmering blue altar of Sif Muna.
    28 | D        | Found a sacrificial altar of Ru.
    28 | D        | Found a stormy altar of Qazlal.
    28 | D        | Found an iron altar of Okawaru.
    28 | D        | Found a sparkling altar of Nemelex Xobeh.
    28 | D        | Found a burning altar of Makhleb.
    28 | D        | Found a viscous altar of Jiyva.
    28 | D        | Found a hazy altar of Hepliaklqana.
    28 | D        | Found an opulent altar of Gozag.
    28 | D        | Found a blossoming altar of Fedhas.
    28 | D        | Found a white marble altar of Elyvilon.
    28 | D        | Found a shadowy altar of Dithmenos.
    28 | D        | Found a snail-covered altar of Cheibriados.
    29 | D        | Found a radiant altar of Vehumet.
    29 | D        | Found a corrupted altar of Lugonu.
    30 | D        | Found a hide-covered altar of Uskayaw.
    30 | D        | Found an ancient bone altar of Kikubaaqudgha.
    30 | D        | Found a broken altar of Ashenzari.
    45 | D        | Noticed a scorpion
    51 | D        | Killed a scorpion
    51 | D        | Reached ** piety under Trog
    52 | D        | Reached skill level 5 in Unarmed Combat
    52 | D        | Reached XP level 2. HP: 22/33 MP: 1/1
    52 | D        | Reached XP level 3. HP: 26/40 MP: 2/2
   174 | D        | Reached XP level 4. HP: 49/49 MP: 3/3
   207 | D        | Reached *** piety under Trog
   422 | D        | Noticed a phantom
   437 | D        | Reached skill level 5 in Fighting
   437 | D        | Reached skill level 5 in Dodging
   437 | D        | Reached skill level 6 in Unarmed Combat
   439 | D        | Killed a phantom
   439 | D        | Reached **** piety under Trog
   440 | D        | Reached skill level 7 in Unarmed Combat
   440 | D        | Reached XP level 5. HP: 59/59 MP: 4/4
   622 | D        | Noticed a manticore
   633 | D        | Killed a manticore
   634 | D        | Reached skill level 9 in Unarmed Combat
   634 | D        | Reached XP level 6. HP: 34/72 MP: 5/5
   634 | D        | Reached XP level 7. HP: 38/80 MP: 6/6
   643 | D        | Reached ***** piety under Trog
   691 | D        | Noticed a phantasmal warrior
   700 | D        | Noticed a vampire mosquito
   701 | D        | Noticed a vampire mosquito
   702 | D        | Noticed a wandering mushroom
   702 | D        | Noticed a vampire mosquito
   705 | D        | Noticed a vampire mosquito
   705 | D        | HP: 3/120 [phantasmal warrior (30)]
   707 | D        | Demolished by a phantasmal warrior

Illustrated notes

Levels and vault maps discovered:
D:        pitsprint [storerooms_1, entrance_room_1, metal_vault_5, armoury_2,
          mini_pit_1, grid_room_1, main_hall_1, silver_pit, the_coven_1,
          the_vestibule_1, steel_vault_1, golden_pit, hallway_of_sentries,
          crystal_vault_4, iron_vault_4, final_vault]

Skill      XL: |  1  2  3  4  5 |
---------------+----------------+-----
Fighting       | 4 6 8 |  8.3
Dodging        | 4 6 8 |  8.4
Unarmed Combat | 5 7 9 |  9.9

Action                   |  1- 3 |  4- 6 |  7- 9 || total
-------------------------+-------+-------+-------++-------
Melee: Unarmed           |    10 |    29 |    23 ||    62
       Punch             |       |     2 |     3 ||     5
Invok: Berserk           |     1 |     3 |     1 ||     5
       Trog's Hand       |       |     1 |       ||     1
Armor: Animal skin       |     3 |     8 |     2 ||    13
Dodge: Dodged            |     3 |    19 |     7 ||    29
